 Dungeon Crawl Stone Soup version 0.14.0-9-g9c5475a (webtiles) character file.

383 Kanakotka the Insei (level 5, 0/42 HPs)
             Began as a Demonspawn Monk on Apr 14, 2014.
             Slain by a scorpion (4 damage)
             ... on Level 4 of the Dungeon.
             The game lasted 00:08:45 (3333 turns).

Kanakotka the Insei (Demonspawn Monk)               Turns: 3333, Time: 00:08:45

HP   0/42        AC  8     Str 13      XL: 5   Next: 71%
MP  14/14        EV 20     Int 11      God:
Gold 154         SH  0     Dex 20      Spells:  0 memorised,  4 levels left

rFire  . . .     SeeInvis .       - Unarmed
rCold  . . .     Clarity  .     a - +0 robe
rNeg   . . .     Conserve .     (no shield)
rPois  .         rCorr    .     (no helmet)
rElec  .         rRot     .     (no cloak)
SustAb . .       Spirit   .     (no gloves)
rMut   .         Warding  .     (no boots)
Saprov + . .     Stasis   .     (no amulet)
MR     .....                    d - +3 ring of protection
                                c - ring of magical power

@: agile, lethally poisoned, not resistant to hostile enchantments, very
stealthy
A: slimy green scales 2, nightstalker 1, saprovore 1
a: no special abilities


You were on level 4 of the Dungeon.
You were not hungry.

You visited 1 branch of the dungeon, and saw 4 of its levels.

You collected 154 gold pieces.

Inventory:

Armour
 a - a +0 robe (worn)
Comestibles
 b - a bread ration
 f - an apple
 m - a chunk of adder flesh
Scrolls
 e - a scroll of remove curse
 g - 4 scrolls of identify
 h - a scroll of amnesia {unknown}
 j - a scroll of immolation {unknown}
 l - a scroll of random uselessness {unknown}
Jewellery
 c - a ring of magical power (left hand)
 d - a +3 ring of protection (right hand)
Potions
 i - 2 potions of agility
Books
 k - a book of Alchemy

   Spells                             Type                      Level
   Lethal Infusion                    Charms/Necromancy            2
   Sublimation of Blood               Necromancy                   2
   Condensation Shield                Ice                          4
   Petrify                            Transmutation/Earth          4
   Ignite Poison                      Fire/Transmutation           5


   Skills:
 + Level 4.2 Fighting
 + Level 3.9 Dodging
 - Level 2.1 Stealth
 * Level 4.8 Unarmed Combat


You had 4 spell levels left.
You didn't know any spells.

Dungeon Overview and Level Annotations

Branches:
Dungeon (4/15)
 Temple: D:4-7

Altars:
Xom


Innate Abilities, Weirdness & Mutations

You are mostly covered in slimy green scales (AC +3).
You are slightly more attuned to the shadows.
You can tolerate rotten meat.


Message History

The scorpion poisons you!
You hit the scorpion but do no damage.
You feel sick. The scorpion stings you.
You hit the scorpion.
The scorpion is lightly wounded.
You feel sick. The scorpion stings you!
* * * LOW HITPOINT WARNING * * *
You feel sick.
You feel sick.
Drink which item? (? for menu, Esc to quit)
You feel agile all of a sudden. The scorpion stings you.
* * * LOW HITPOINT WARNING * * *
You feel sick.
You hit the scorpion.
The scorpion is lightly wounded.
The scorpion closely misses you.
You hit the scorpion.
The scorpion is heavily wounded.
You feel sick. The scorpion stings you.
You die...

#.....#
#...#######
#....#######...#
#...............
#......######...#
#...%..# #...#
####...# ##.##
#..## #.. #..###
#.. #.@..##
#.s...# #.....#
#.....# #...###
#...# #....#
....... .#......#


You could see a scorpion.

Vanquished Creatures
  An orc priest (D:3)
  An orc wizard (D:3)
  A gnoll (D:1)
  8 adders
  A giant mite (D:3)
  7 orcs
  5 giant cockroaches
  9 goblins
  10 hobgoblins
  4 jackals (D:3)
  12 kobolds
  A quokka (D:2)
  11 bats
  3 giant newts
  A goblin skeleton (D:3)
  6 rats
81 creatures vanquished.

Notes
Turn   | Place    | Note
--------------------------------------------------------------
     0 | D:1      | Kanakotka, the Demonspawn Monk, began the quest for the Orb.
     0 | D:1      | Reached XP level 1. HP: 18/18 MP: 1/1
   479 | D:1      | Gained mutation: You are partially covered in slimy green scales (AC +2). [demonic ancestry]
   479 | D:1      | Reached XP level 2. HP: 17/24 MP: 2/2
   759 | D:1      | Gained mutation: You are slightly more attuned to the shadows. [demonic ancestry]
   759 | D:1      | Reached XP level 3. HP: 15/29 MP: 3/3
  1942 | D:2      | Reached skill level 4 in Unarmed Combat
  1986 | D:2      | Gained mutation: You are mostly covered in slimy green scales (AC +3). [demonic ancestry]
  1986 | D:2      | Reached XP level 4. HP: 22/35 MP: 4/4
  2168 | D:2      | Found a shimmering altar of Xom.
  2908 | D:3      | Gained mutation: You can tolerate rotten meat. [demonic ancestry]
  2908 | D:3      | Reached XP level 5. HP: 21/42 MP: 5/5
  3333 | D:4      | Slain by a scorpion

Action                   |  1- 3 |  4- 6 || total
-------------------------+-------+-------++-------
Melee: Unarmed           |   166 |   202 ||   368
  Use: Scroll            |     2 |       ||     2
       Potion            |       |     2 ||     2
 Stab: Sleeping          |     6 |     2 ||     8
